 Dungeon Crawl Stone Soup version 0.21-b1-23-g1fb0a74 (webtiles) character file.

7227 Milan the Carver (level 10, -10/93 HPs)
             Began as a Minotaur Fighter on Jan 5, 2018.
             Was an Elder of Okawaru.
             Mangled by an orc warrior
             ... wielding a +0 trident
              (12 damage)
             ... on level 9 of the Dungeon.
             The game lasted 00:37:08 (8574 turns).

Milan the Carver (Minotaur Fighter)                 Turns: 8574, Time: 00:37:09

Health: -10/93     AC: 13    Str: 21    XL:     10   Next: 88%
Magic:  9/9        EV:  9    Int:  9    God:    Okawaru [****..]
Gold:   498        SH:  0    Dex: 13    Spells: 9/9 levels left

rFire    . . .     SeeInvis .   C - +6 long sword of Ranur {flame, Int+2}
rCold    . . .     Gourm    .   (no shield)
rNeg     . . .     Faith    .   b - +0 scale mail
rPois    .         Spirit   .   (helmet restricted)
rElec    .         Reflect  .   i - +0 cloak (curse)
rCorr    +         Harm     .   G - +2 pair of gloves
MR       .....                  (no boots)
Stlth    ..........             (no amulet)
HPRegen  0.25/turn              k - ring of resist corrosion
MPRegen  0.11/turn              F - ring of flight

@: no status effects
A: retaliatory headbutt, horns 2, clever 1
a: Heroism, Renounce Religion, Evoke Flight


You were on level 9 of the Dungeon.
You worshipped Okawaru.
Okawaru was greatly pleased with you.
You were not hungry.

You visited 2 branches of the dungeon, and saw 10 of its levels.

You collected 693 gold pieces.
You spent 195 gold pieces at shops.

Inventory:

Hand Weapons
 C - the +6 long sword of Ranur (weapon) {flame, Int+2}
   (You bought it in a shop on level 5 of the Dungeon)

   It has been specially enchanted to burn those struck by it, causing extra
   injury to most foes and up to half again as much damage against particularly
   susceptible opponents.
   Big, fiery blades are also staple armaments of hydra-hunters.
   It affects your intelligence (+2).
Armour
 b - a +0 scale mail (worn)
 i - a cursed +0 cloak (worn)
 s - a +0 plate armour
 G - a +2 pair of gloves (worn)
Jewellery
 k - a ring of resist corrosion (left hand)
 F - a ring of flight (right hand)
Wands
 o - a wand of flame (18)
 p - a wand of polymorph (10)
 y - a wand of acid (6)
 E - a wand of paralysis (16)
Scrolls
 e - 7 scrolls of identify
 g - 5 scrolls of magic mapping
 j - 2 scrolls of blinking {unknown}
 m - 4 scrolls of remove curse
 r - a scroll of enchant weapon {unknown}
 t - 2 scrolls of enchant armour {unknown}
 u - 7 scrolls of teleportation {unknown}
 v - a scroll of noise {unknown}
 w - a scroll of fear {unknown}
 x - a scroll of immolation {unknown}
 H - a scroll of fog {unknown}
Potions
 a - 3 potions of agility
 d - a potion of might
 h - a potion of flight
 l - 3 potions of heal wounds
 n - 2 potions of curing
 q - 3 potions of invisibility
 z - a potion of resistance
 A - 2 potions of haste
 B - 2 potions of lignification {unknown}
Books
 D - a book of Misfortune

   Spells                             Type                      Level
   a - Confusing Touch                Hexes                        1
   b - Confuse                        Hexes                        3
   c - Gell's Gravitas                Translocation                3
   d - Petrify                        Transmutation/Earth          4
   e - Metabolic Englaciation         Hexes/Ice                    5
   f - Yara's Violent Unravelling     Hexes/Transmutation          5
Comestibles
 f - 24 rations


   Skills:
 - Level 10.1 Fighting
 - Level 14.0 Long Blades
 + Level 8.9 Armour
   Level 7.1 Shields


You had 9 spell levels left.
You didn't know any spells.

Dungeon Overview and Level Annotations

Branches:
Dungeon (9/15)             Temple (1/1) D:6
   Lair: D:8-11         Orc: D:9-12

Altars:
Ashenzari
Cheibriados
Dithmenos
Elyvilon
Fedhas
Gozag
Hepliaklqana
Kikubaaqudgha
Makhleb
Nemelex Xobeh
Okawaru
Qazlal
Ru
Sif Muna
Trog
Uskayaw
Wu Jian
Xom
Yredelemnul
Zin
The Shining One

Shops:
D:5 (   D:7 *   D:8 [

Annotations:
D:3 Blork the orc


Innate Abilities, Weirdness & Mutations

You reflexively headbutt those who attack you in melee.
You have a pair of horns on your head.
Your mind is acute. (Int +2)


Message History

Othur's ghost is almost destroyed.
The orc wizard hits you but does no damage.
You hit othur's ghost but do no damage.
Othur's ghost is almost destroyed.
Othur's ghost hits you but does no damage.
The orc wizard hits you but does no damage.
You slash othur's ghost! You burn othur's ghost.
You headbutt othur's ghost, but do no damage.
Othur's ghost is almost destroyed.
The orc wizard hits you but does no damage.
The orc warrior hits you from afar with a trident!
* * * LOW HITPOINT WARNING * * *
Othur's ghost barely misses you.
You slash othur's ghost! You burn othur's ghost.
You destroy othur's ghost!
Okawaru is honoured by your kill.
Your Armour skill increases to level 8!
The orc wizard hits you but does no damage.
The orc warrior hits you from afar with a trident!
You die...

########################
...............o@.ooo...
.............######oo..<
##...#######.# .## #...#
#.# #...# #.# #...# #.#
#...# #.# #...# #.#
#<..# #.#


You could see an orc warrior, 2 orc wizards and 3 orcs.

Vanquished Creatures
  The ghost of othur the Bludgeoner, a novice MiFi of Okawaru (D:9)
  The ghost of othur the Bludgeoner, a novice MiFi (D:7)
  Maurice (D:9)
  A troll (D:4)
  Sigmund (D:2)
  A wyvern (D:8)
  A hungry ghost (D:7)
  Grum (D:8)
  Edmund (D:4)
  Menkaure (D:7)
  A water moccasin (D:6)
  Duvessa (D:4)
  An ice beast (D:8)
  2 phantoms
  6 ogres
  3 orc warriors
  A sky beast (D:7)
  2 wolves (D:8)
  4 centaurs
  2 big kobolds (D:8)
  A gnoll sergeant (D:8)
  Dowan (D:4)
  2 scorpions
  10 killer bees
  12 wights
  3 crimson imps
  A centaur zombie (D:8)
  8 hounds
  2 jellies
  Crazy Yiuf (D:2)
  15 orc wizards
  6 orc priests
  3 iguanas (D:5)
  4 worker ants
  A hound zombie (D:5)
  A hound skeleton (D:5)
  A worker ant zombie (D:7)
  Robin (D:2)
  8 gnolls (D:8)
  11 adders
  2 oozes
  2 adder skeletons
  5 worms
  3 dart slugs (D:1)
  5 leopard geckos
  25 orcs
  3 ball pythons
  8 bats
  6 giant cockroaches
  15 goblins
  17 hobgoblins
  4 jackals (D:7)
  19 kobolds
  4 quokkas
  5 frilled lizards
  A giant cockroach zombie (D:5)
  3 leopard gecko skeletons
  A quokka skeleton (D:8)
  3 rats
  3 plants (D:8)
259 creatures vanquished.

Notes
Turn   | Place    | Note
-------+----------+-------------------------------------------
     0 | D:1      | Milan the Minotaur Fighter began the quest for the Orb.
     0 | D:1      | Reached XP level 1. HP: 19/19 MP: 0/0
    87 | D:1      | Reached skill level 3 in Long Blades
   135 | D:1      | Reached XP level 2. HP: 23/26 MP: 1/1
   388 | D:1      | Reached skill level 4 in Long Blades
   539 | D:1      | Reached XP level 3. HP: 26/31 MP: 2/2
   905 | D:2      | Reached skill level 5 in Long Blades
   976 | D:2      | Noticed Robin
   988 | D:2      | Reached XP level 4. HP: 35/39 MP: 3/3
   998 | D:2      | Killed Robin
  1017 | D:2      | Noticed Sigmund
  1042 | D:2      | Killed Sigmund
  1042 | D:2      | Reached skill level 7 in Long Blades
  1042 | D:2      | Reached XP level 5. HP: 41/45 MP: 4/4
  1460 | D:2      | Reached XP level 6. HP: 51/51 MP: 5/5
  1515 | D:2      | Found a runed door.
  1519 | D:2      | Noticed Crazy Yiuf
  1523 | D:2      | Killed Crazy Yiuf
  1631 | D:3      | Found an ornate altar of the Wu Jian Council.
  1666 | D:3      | Found a deep blue altar of Sif Muna.
  1742 | D:3      | Reached skill level 8 in Long Blades
  2244 | D:3      | Noticed Blork the orc
  2246 | D:3      | Noticed Blork
  2246 | D:3      | Blork the orc changed into Blork the worm
  2256 | D:3      | Found a deep blue altar of Sif Muna.
  2410 | D:4      | Reached skill level 9 in Long Blades
  2410 | D:4      | Reached XP level 7. HP: 41/57 MP: 6/6
  2712 | D:4      | Noticed a troll
  2727 | D:4      | Killed a troll
  2727 | D:4      | Reached skill level 10 in Long Blades
  2983 | D:4      | Found a stormy altar of Qazlal.
  3056 | D:4      | Noticed Edmund
  3138 | D:4      | Killed Edmund
  3138 | D:4      | Reached skill level 11 in Long Blades
  3170 | D:4      | Noticed Duvessa
  3170 | D:4      | Noticed Dowan
  3200 | D:4      | Killed Duvessa
  3200 | D:4      | Reached XP level 8. HP: 49/64 MP: 7/7
  3205 | D:4      | Killed Dowan
  3508 | D:5      | Entered Level 5 of the Dungeon
  3619 | D:5      | Reached skill level 12 in Long Blades
  3642 | D:5      | Found Wiziti's Antique Weapon Boutique.
  3645 | D:5      | Bought an ivory long sword for 195 gold pieces
  3645 | D:5      | Identified the +6 long sword of Ranur {flame, Int+2} (You bought it in a shop on level 5 of the Dungeon)
  3821 | D:5      | Found a sparkling altar of Nemelex Xobeh.
  3891 | D:5      | Reached skill level 13 in Long Blades
  4029 | D:5      | Found a blossoming altar of Fedhas.
  4041 | D:5      | Reached XP level 9. HP: 49/70 MP: 8/8
  4120 | D:5      | Found an ancient bone altar of Kikubaaqudgha.
  4366 | D:6      | Found a hide-covered altar of Uskayaw.
  4465 | D:6      | Found a glowing silver altar of Zin.
  4745 | D:6      | Reached skill level 14 in Long Blades
  4898 | D:6      | Found a staircase to the Ecumenical Temple.
  4905 | Temple   | Entered the Ecumenical Temple
  5044 | Temple   | Became a worshipper of Warmaster Okawaru
  5066 | Temple   | Gained mutation: You tend to lose your temper in combat. [potion of mutation]
  5066 | Temple   | Lost mutation: You tend to lose your temper in combat. [potion of mutation]
  5066 | Temple   | Gained mutation: Your mind is acute. (Int +2) [potion of mutation]
  5170 | D:6      | Found a glowing golden altar of the Shining One.
  5191 | D:6      | Reached skill level 5 in Fighting
  5289 | D:7      | Noticed othur's ghost (novice MiFi)
  5402 | D:7      | Killed othur's ghost
  5402 | D:7      | Reached * piety under Okawaru
  5481 | D:7      | Found an opulent altar of Gozag.
  5495 | D:7      | Found Gozag's Platinum Reserve.
  5743 | D:7      | Noticed Menkaure
  5748 | D:7      | Killed Menkaure
  6662 | D:8      | Noticed Grum
  6663 | D:8      | Reached XP level 10. HP: 92/93 MP: 9/9
  6673 | D:8      | Killed Grum
  6673 | D:8      | Reached skill level 10 in Fighting
  6918 | D:8      | Reached ** piety under Okawaru
  6929 | D:8      | Found a bloodstained altar of Trog.
  7006 | D:8      | Found a shimmering altar of Xom.
  7081 | D:8      | Found Texy's Armour Boutique.
  7098 | D:8      | Reached skill level 5 in Armour
  7098 | D:8      | Reached skill level 5 in Shields
  8201 | D:8      | Reached *** piety under Okawaru
  8543 | D:9      | Noticed Maurice
  8550 | D:9      | Noticed othur's ghost (novice MiFi)
  8557 | D:9      | Killed Maurice
  8573 | D:9      | HP: 2/93 [orc warrior/trident (8)]
  8574 | D:9      | Killed othur's ghost
  8574 | D:9      | Reached **** piety under Okawaru
  8574 | D:9      | Mangled by an orc warrior

Skill      XL: |  1  2  3  4  5  6  7  8  9 10 |
---------------+-------------------------------+-----
Long Blades    | 3 4 5 7 9 11 13 14 | 14.0
Fighting       | 9 10 | 10.1
Armour         | 8 |  8.9
Shields        | 7 |  7.1

Action                   |  1- 3 |  4- 6 |  7- 9 | 10-12 || total
-------------------------+-------+-------+-------+-------++-------
Melee: Long sword        |    71 |   131 |   244 |   212 ||   658
       Headbutt          |    11 |    24 |    60 |    48 ||   143
Evoke: Wand              |       |     2 |       |       ||     2
  Use: Potion            |       |       |     5 |     3 ||     8
       Scroll            |       |       |     9 |       ||     9
  Eat: Chunk             |       |     5 |    14 |     6 ||    25
Armor: Scale mail        |    33 |    38 |    74 |    72 ||   217
       Skin              |       |     8 |       |       ||     8
Dodge: Dodged            |    44 |    34 |    86 |    62 ||   226
       Rpst.: Long sword |    11 |    11 |    20 |    11 ||    53
